[Event "ICC tourney 2259 (45 10)"]
[Site "Internet Chess Club"]
[Date "2020.12.30"]
[Round "3"]
[White "kurumania"]
[Black "Aleksandrov73"]
[Result "1/2-1/2"]
[ICCResult "Game drawn by mutual agreement"]
[WhiteElo "2514"]
[BlackElo "2629"]
[Opening "Vienna gambit: Paulsen attack"]
[ECO "C29"]
[NIC "VG.03"]
[Time "16:02:27"]
[PlyCount "39"]
[TimeControl "2700+10"]

1. e4 e5 2. Nc3 Nf6 3. f4 d5 4. fxe5 Nxe4 5. Qf3 Nc6 6. Bb5 Nxc3 7. dxc3
Be6 8. Ne2 Qd7 9. Nd4 Bc5 10. Be3 Bxd4 11. cxd4 a6 12. Ba4 O-O 13. Qg3 f6
14. Bxc6 bxc6 15. O-O Bf5 16. Rf2 fxe5 17. dxe5 Be4 18. Raf1 Rxf2 19. Rxf2
Rf8 20. c3 { Game drawn by mutual agreement } 1/2-1/2

[Event "ICC tourney 2259 (45 10)"]
[Site "Internet Chess Club"]
[Date "2020.12.30"]
[Round "3"]
[White "srohithkrishna"]
[Black "hoshibosh"]
[Result "1-0"]
[ICCResult "Black forfeits on time"]
[WhiteElo "2354"]
[BlackElo "2151"]
[Opening "Bogo-Indian defense, Grünfeld variation"]
[ECO "E11"]
[NIC "QI.01"]
[Time "16:01:42"]
[PlyCount "69"]
[TimeControl "2700+10"]

1. d4 Nf6 2. Nf3 e6 3. c4 Bb4+ 4. Nbd2 b6 5. g3 Bb7 6. Bg2 O-O 7. O-O d5 8.
Qc2 Nbd7 9. b3 Ne4 10. Nxe4 dxe4 11. Ng5 Nf6 12. Bb2 Ng4 13. Nxe4 f5 14.
Nf6+ Qxf6 15. Bxb7 Qh6 16. h4 Rad8 17. Bf3 Qh5 18. c5 bxc5 19. Qc4 Qg6 20.
Rad1 Ne3 21. fxe3 Qxg3+ 22. Bg2 Qxe3+ 23. Rf2 Qh6 24. Bc1 Qxh4 25. Qxe6+
Kh8 26. Rxf5 Bc3 27. Be3 Rfe8 28. Qf7 h6 29. Bf2 Qg4 30. Rxc5 Rxe2 31. Qf3
Qxf3 32. Bxf3 Rc2 33. Be4 Rxf2 34. Kxf2 Bxd4+ 35. Kg2 { Black forfeits on
time } 1-0

[Event "ICC tourney 2259 (45 10)"]
[Site "Internet Chess Club"]
[Date "2020.12.30"]
[Round "3"]
[White "TjkTiger"]
[Black "manest"]
[Result "1/2-1/2"]
[ICCResult "Game drawn by repetition"]
[WhiteElo "2602"]
[BlackElo "2709"]
[Opening "English: four knights, Nimzovich variation"]
[ECO "A28"]
[NIC "EO.09"]
[Time "16:02:27"]
[PlyCount "90"]
[TimeControl "2700+10"]

1. c4 e5 2. Nc3 Nf6 3. Nf3 Nc6 4. e4 Bb4 5. d3 d6 6. a3 Bc5 7. b4 Bb6 8.
Na4 Bg4 9. Nxb6 axb6 10. Bb2 O-O 11. Be2 Ne7 12. h3 Bd7 13. d4 exd4 14.
Qxd4 Re8 15. Nd2 Ng6 16. g3 Qe7 17. h4 h5 18. O-O Qe5 19. Qxe5 dxe5 20.
Rfc1 Red8 21. f3 Be6 22. Nf1 Bh3 23. Ne3 Rd2 24. Rc2 Rad8 25. Rac1 c6 26.
Kf2 Be6 27. Bc3 Rxc2 28. Rxc2 Ra8 29. Bb2 Ne8 30. Rd2 f6 31. Ng2 Bh3 32.
Ne3 Be6 33. Nf5 Kf8 34. Ke3 Ne7 35. Nd6 Nxd6 36. Rxd6 Kf7 37. f4 exf4+ 38.
gxf4 Bg4 39. Bxg4 hxg4 40. Kf2 f5 41. e5 Ng6 42. Rd7+ Ke6 43. Rd6+ Kf7 44.
Rd7+ Ke6 45. Rd6+ Kf7 { Game drawn by repetition } 1/2-1/2

[Event "ICC tourney 2259 (45 10)"]
[Site "Internet Chess Club"]
[Date "2020.12.30"]
[Round "3"]
[White "dopolian"]
[Black "KnightHawk8"]
[Result "1-0"]
[ICCResult "Black resigns"]
[WhiteElo "2259"]
[BlackElo "2014"]
[Opening "Ruy Lopez: 5.O-O"]
[ECO "C78"]
[NIC "RL.12"]
[Time "16:01:41"]
[PlyCount "79"]
[TimeControl "2700+10"]

1. e4 e5 2. Nf3 Nc6 3. Bb5 a6 4. Ba4 Nf6 5. O-O b5 6. Bb3 Be7 7. d4 exd4 8.
e5 Ne4 9. Bd5 Nc5 10. Nxd4 Bb7 11. Nf5 O-O 12. Qg4 g6 13. Re1 Ne6 14. Bh6
Re8 15. Nxe7+ Qxe7 16. Nd2 d6 17. exd6 cxd6 18. Qe4 Nc5 19. Qxe7 Nxe7 20.
Bxb7 Nxb7 21. Ne4 Nf5 22. Nf6+ Kh8 23. Rxe8+ Rxe8 24. Nxe8 Nxh6 25. Nc7 Nc5
26. b4 Ne6 27. Nxe6 fxe6 28. a4 Nf5 29. c3 Ne7 30. axb5 axb5 31. Ra5 Nd5
32. Rxb5 Nxc3 33. Rb8+ Kg7 34. b5 d5 35. b6 d4 36. b7 d3 37. Rd8 Nd5 38.
Rxd5 exd5 39. b8=Q d2 40. Qb2+ { Black resigns } 1-0

[Event "ICC tourney 2259 (45 10)"]
[Site "Internet Chess Club"]
[Date "2020.12.30"]
[Round "3"]
[White "GeorgeDai"]
[Black "StayCalm"]
[Result "0-1"]
[ICCResult "White forfeits on time"]
[WhiteElo "2060"]
[BlackElo "2170"]
[Opening "King's Indian: East Indian defense"]
[ECO "A48"]
[NIC "QP.06"]
[Time "16:01:44"]
[PlyCount "60"]
[TimeControl "2700+10"]

1. d4 Nf6 2. Nf3 g6 3. Nc3 c5 4. d5 Bg7 5. e4 d6 6. Bd3 O-O 7. O-O e6 8.
Bg5 h6 9. Bh4 a6 10. a4 e5 11. Nd2 Nbd7 12. Nc4 Qc7 13. b3 Re8 14. Be2 Nf8
15. Bxf6 Bxf6 16. Bg4 Bg7 17. Bxc8 Raxc8 18. a5 Nh7 19. Qg4 Rf8 20. Rae1
Rcd8 21. h4 Nf6 22. Qh3 Nd7 23. Na4 Nf6 24. g4 Nh7 25. Re3 Qe7 26. Kh1 Bf6
27. h5 Bg5 28. Re2 Bf4 29. Nab2 Ng5 30. Qh4 Qf6 { White forfeits on time }
0-1

[Event "ICC tourney 2259 (45 10)"]
[Site "Internet Chess Club"]
[Date "2020.12.30"]
[Round "3"]
[White "Markss1420"]
[Black "kunalsh"]
[Result "1-0"]
[ICCResult "Black resigns"]
[WhiteElo "2108"]
[BlackElo "2054"]
[Opening "Vienna gambit: Paulsen attack"]
[ECO "C29"]
[NIC "VG.03"]
[Time "16:02:22"]
[PlyCount "99"]
[TimeControl "2700+10"]

1. e4 e5 2. Nc3 Nf6 3. f4 d5 4. fxe5 Nxe4 5. Qf3 Nxc3 6. dxc3 Nc6 7. Bb5
Be7 8. Bf4 O-O 9. O-O-O Be6 10. c4 d4 11. Bxc6 bxc6 12. Qxc6 Rb8 13. Ne2
Rb6 14. Qe4 c5 15. b3 a5 16. Bd2 Qb8 17. Qd3 a4 18. Nf4 axb3 19. cxb3 Bg4
20. Rde1 Ra6 21. Kb2 Qa8 22. Ra1 f6 23. Nd5 Bd8 24. Qg3 Be2 25. Rhe1 d3 26.
Bc3 fxe5 27. Bxe5 Rg6 28. Qe3 Rxg2 29. Rg1 Rff2 30. Bg3 Rxg1 31. Bxf2 Bg5
32. Qe6+ Kh8 33. Rxg1 h6 34. Ne7 Bf6+ 35. Kb1 Bf3 36. Qc8+ Qxc8 37. Nxc8
Be5 38. Be3 Bxh2 39. Rf1 Be2 40. Rf8+ Kh7 41. a4 g5 42. Kc1 g4 43. a5 g3
44. a6 g2 45. a7 g1=Q+ 46. Bxg1 Bxg1 47. a8=Q Be3+ 48. Kb2 Bd4+ 49. Ka2 d2
50. Qe4+ { Black resigns } 1-0

[Event "ICC tourney 2259 (45 10)"]
[Site "Internet Chess Club"]
[Date "2020.12.30"]
[Round "3"]
[White "kooler2"]
[Black "MiamiBoy"]
[Result "0-1"]
[ICCResult "White checkmated"]
[WhiteElo "2038"]
[BlackElo "2278"]
[Opening "Benoni: fianchetto variation"]
[ECO "A62"]
[NIC "BI.23"]
[Time "16:01:45"]
[PlyCount "88"]
[TimeControl "2700+10"]

1. d4 Nf6 2. c4 e6 3. g3 c5 4. d5 exd5 5. cxd5 d6 6. Nc3 g6 7. Bg2 Bg7 8.
Nf3 O-O 9. O-O Re8 10. Bf4 a6 11. a4 Qc7 12. h3 Nbd7 13. g4 b6 14. Nd2 Ne5
15. Bg3 Rb8 16. f4 Nexg4 17. hxg4 Nxg4 18. e4 Ne3 19. Qe2 Nxf1 20. Qxf1 f5
21. Re1 b5 22. e5 c4 23. exd6 Qd8 24. axb5 axb5 25. Rxe8+ Qxe8 26. Nd1 Ra8
27. Nf3 Qd8 28. Qe2 Qxd6 29. Qe8+ Qf8 30. Qxf8+ Kxf8 31. Ne5 Bxe5 32. fxe5
Ra1 33. Bf3 Bb7 34. Kf2 Bxd5 35. Bxd5 Rxd1 36. Bc6 b4 37. Bh4 h6 38. Bf6
Kf7 39. Ke2 Rd4 40. b3 c3 41. Ke3 c2 42. Kxd4 c1=Q 43. Bd5+ Kf8 44. Bd8
Qc3# { White checkmated } 0-1

[Event "ICC tourney 2259 (45 10)"]
[Site "Internet Chess Club"]
[Date "2020.12.30"]
[Round "3"]
[White "BBCC2020"]
[Black "MiamiDude"]
[Result "1/2-1/2"]
[ICCResult "Game drawn by mutual agreement"]
[WhiteElo "2193"]
[BlackElo "2415"]
[Opening "QGA: classical, 6...a6"]
[ECO "D27"]
[NIC "QG.07"]
[Time "16:01:30"]
[PlyCount "101"]
[TimeControl "2700+10"]

1. d4 d5 2. c4 dxc4 3. e3 e6 4. Bxc4 Nf6 5. Nf3 c5 6. O-O a6 7. Bb3 b5 8.
dxc5 Qxd1 9. Rxd1 Bxc5 10. Bd2 Bb7 11. Nc3 O-O 12. Rac1 Nbd7 13. Ne2 Rac8
14. Bc3 Nd5 15. Bd4 N5b6 16. Ne5 Bxd4 17. Nxd7 Rxc1 18. Nxc1 Rc8 19. Ne2
Nxd7 20. Rxd4 Nc5 21. Bd1 e5 22. Rd2 Kf8 23. f3 Ke7 24. Nc3 e4 25. fxe4
Nxe4 26. Nxe4 Bxe4 27. Bf3 Bb1 28. a3 Rc7 29. Kf2 h6 30. Be2 Bf5 31. a4
bxa4 32. Bxa6 Bd7 33. Be2 g5 34. Bd1 Rb7 35. Kg3 Rb4 36. Rd4 Rxd4 37. exd4
f5 38. Kf3 Kd6 39. Ke3 f4+ 40. Kd3 Bb5+ 41. Kc3 Bc6 42. Bf3 Bd7 43. Be4 h5
44. g3 fxg3 45. hxg3 h4 46. gxh4 gxh4 47. Bg2 Bc6 48. Bh3 Bd5 49. Kb4 Bb3
50. Bg2 Ke6 51. Kc5 { Game drawn by mutual agreement } 1/2-1/2

[Event "ICC tourney 2259 (45 10)"]
[Site "Internet Chess Club"]
[Date "2020.12.30"]
[Round "3"]
[White "juicysnail"]
[Black "chessw23"]
[Result "1-0"]
[ICCResult "Black forfeits on time"]
[WhiteElo "2247"]
[BlackElo "1961"]
[Opening "Queen's pawn, Mason variation"]
[ECO "D00"]
[NIC "QP.08"]
[Time "16:02:23"]
[PlyCount "91"]
[TimeControl "2700+10"]

1. d4 d5 2. Bf4 Nf6 3. e3 e6 4. Nf3 Bd6 5. Bg3 O-O 6. c3 c5 7. Nbd2 Nc6 8.
Bd3 Re8 9. Qe2 e5 10. dxc5 Bxc5 11. e4 a6 12. Rd1 d4 13. O-O dxc3 14. bxc3
b5 15. Nb3 Qb6 16. Rb1 Bg4 17. h3 Bh5 18. Bh4 Nd7 19. Rfd1 Ra7 20. Bc2 Na5
21. a4 Nxb3 22. Bxb3 Qa5 23. axb5 axb5 24. Ra1 Qxa1 25. Rxa1 Rxa1+ 26. Kh2
Rb8 27. Qd3 Ra7 28. Qd5 Re8 29. Bg3 Rc7 30. Nxe5 Nb6 31. Qd2 Rce7 32. Qg5
Bg6 33. Nxg6 hxg6 34. Qxc5 Nd7 35. Qg5 Rxe4 36. Qxg6 R4e7 37. Bd6 Nf8 38.
Qg5 Rd7 39. Qxb5 Red8 40. Bxf8 Kxf8 41. c4 Rd2 42. Ba4 Kg8 43. Qb6 Rc8 44.
Bb3 Re8 45. c5 Ree2 46. c6 { Black forfeits on time } 1-0

[Event "ICC tourney 2259 (45 10)"]
[Site "Internet Chess Club"]
[Date "2020.12.30"]
[Round "3"]
[White "MrNormalName"]
[Black "tacticsalk"]
[Result "1/2-1/2"]
[ICCResult "Game drawn by mutual agreement"]
[WhiteElo "2181"]
[BlackElo "2326"]
[Opening "QGD semi-Slav: Stoltz variation"]
[ECO "D45"]
[NIC "SL.08"]
[Time "16:02:27"]
[PlyCount "104"]
[TimeControl "2700+10"]

1. d4 d5 2. c4 c6 3. Nc3 Nf6 4. e3 e6 5. Nf3 Nbd7 6. Qc2 Bd6 7. Be2 O-O 8.
O-O dxc4 9. Bxc4 e5 10. Bb3 h6 11. Rd1 Qc7 12. h3 Re8 13. dxe5 Nxe5 14. Nd4
a6 15. f4 Ned7 16. Nf5 Bf8 17. e4 Nc5 18. e5 Bxf5 19. Qxf5 Nxb3 20. axb3
Nd5 21. Nxd5 cxd5 22. Be3 Bc5 23. Bxc5 Qxc5+ 24. Kh2 Rad8 25. Ra4 Qf2 26.
Rad4 Qxb2 27. Qd3 Qf2 28. Rd2 Qh4 29. Qg3 Qxg3+ 30. Kxg3 Re6 31. Rxd5 Rxd5
32. Rxd5 Rb6 33. Rd8+ Kh7 34. Rd3 g5 35. fxg5 hxg5 36. Kg4 Rb5 37. Kf5 Kg7
38. g3 a5 39. h4 gxh4 40. gxh4 Rb4 41. h5 b5 42. Rg3+ Kh6 43. Rh3 a4 44.
bxa4 bxa4 45. e6 Rb5+ 46. Kf6 fxe6 47. Ra3 Ra5 48. Kxe6 Kxh5 49. Kd6 Kg5
50. Kc6 Kf5 51. Kb6 Ra8 52. Kb5 Rb8+ { Game drawn by mutual agreement }
1/2-1/2

[Event "ICC tourney 2259 (45 10)"]
[Site "Internet Chess Club"]
[Date "2020.12.30"]
[Round "3"]
[White "jy2020"]
[Black "mentosandcoke"]
[Result "1-0"]
[ICCResult "Black resigns"]
[WhiteElo "2227"]
[BlackElo "1931"]
[Opening "Ruy Lopez: Anderssen variation"]
[ECO "C77"]
[NIC "RL.12"]
[Time "16:01:36"]
[PlyCount "73"]
[TimeControl "2700+10"]

1. e4 e5 2. Nf3 Nc6 3. Bb5 a6 4. Ba4 Nf6 5. d3 d6 6. c3 Bd7 7. O-O g6 8.
Re1 Bg7 9. d4 O-O 10. d5 Ne7 11. Bxd7 Qxd7 12. c4 Ne8 13. Nc3 h6 14. Nd2 f5
15. exf5 gxf5 16. Nf1 Nf6 17. f4 e4 18. Be3 b5 19. b3 bxc4 20. bxc4 c5 21.
h3 Ng4 22. Qd2 Nxe3 23. Nxe3 Rab8 24. Rac1 Rb4 25. Rc2 Ng6 26. Rf1 Rfb8 27.
Kh1 Nh4 28. Qf2 Bf6 29. g4 Re8 30. gxf5 Nxf5 31. Qg2+ Kh8 32. Qg4 Bxc3 33.
Nxf5 Rg8 34. Qh5 Bg7 35. Rg2 Rbb8 36. Rfg1 Kh7 37. Rxg7+ { Black resigns }
1-0

[Event "ICC tourney 2259 (45 10)"]
[Site "Internet Chess Club"]
[Date "2020.12.30"]
[Round "3"]
[White "edmehu"]
[Black "vedrau"]
[Result "1-0"]
[ICCResult "Black resigns"]
[WhiteElo "2212"]
[BlackElo "2042"]
[Opening "Giuoco Pianissimo"]
[ECO "C55"]
[NIC "IG.01"]
[Time "16:02:03"]
[PlyCount "75"]
[TimeControl "2700+10"]

1. e4 e5 2. Nf3 Nc6 3. Bc4 Nf6 4. d3 Bc5 5. O-O d6 6. c3 O-O 7. a4 a6 8.
Bg5 Qe7 9. Nh4 Nb8 10. Qf3 c6 11. Nd2 Be6 12. Kh1 Nbd7 13. Nf5 Bxf5 14.
Qxf5 Qe8 15. Rae1 d5 16. exd5 cxd5 17. Bb3 Qe6 18. Qf3 Bd6 19. c4 e4 20.
dxe4 Qe5 21. Qg3 Nxe4 22. Nxe4 dxe4 23. f4 Qf5 24. Rd1 Qc5 25. Bh6 g6 26.
Qc3 f6 27. Rxd6 Rfd8 28. f5 Ne5 29. Rfd1 Rxd6 30. Rxd6 Qf2 31. c5+ Kh8 32.
h3 Qxf5 33. Qd4 Qf1+ 34. Kh2 Nf3+ 35. gxf3 Qe2+ 36. Kg3 Qe1+ 37. Qf2 Qb4
38. Qd2 { Black resigns } 1-0

[Event "ICC tourney 2259 (45 10)"]
[Site "Internet Chess Club"]
[Date "2020.12.30"]
[Round "3"]
[White "BranKing"]
[Black "Pifischer"]
[Result "1-0"]
[ICCResult "Black checkmated"]
[WhiteElo "2102"]
[BlackElo "1976"]
[Opening "Two knights defense (Modern bishop's opening)"]
[ECO "C55"]
[NIC "IG.01"]
[Time "16:01:31"]
[PlyCount "73"]
[TimeControl "2700+10"]

1. e4 e5 2. Nf3 Nc6 3. Bc4 Nf6 4. d3 Be7 5. c3 d6 6. Bb3 O-O 7. h3 Na5 8.
Bc2 c5 9. Nbd2 Nc6 10. Nf1 d5 11. Qe2 dxe4 12. dxe4 h6 13. g4 Nh7 14. Ng3
Re8 15. Nf5 Bf6 16. h4 Bxf5 17. gxf5 Kh8 18. Be3 b6 19. Bb3 Qc7 20. Ng5 Re7
21. O-O-O Rd8 22. Rdg1 Rdd7 23. Qg4 Re8 24. Qh5 Rf8 25. Rg2 Nd4 26. Nxh7
Nxb3+ 27. axb3 Kxh7 28. Rhg1 Qd6 29. f3 Rfd8 30. Bg5 Rg8 31. Bd2 Rc7 32.
Bxh6 gxh6 33. Rxg8 Rd7 34. R8g2 Qe7 35. Qg4 Rd8 36. Rd2 Rxd2 37. Qg8# {
Black checkmated } 1-0

[Event "ICC tourney 2259 (45 10)"]
[Site "Internet Chess Club"]
[Date "2020.12.30"]
[Round "3"]
[White "helavir"]
[Black "SkyAngel"]
[Result "1-0"]
[ICCResult "Black resigns"]
[WhiteElo "2626"]
[BlackElo "2185"]
[Opening "Caro-Kann: advance variation"]
[ECO "B12"]
[NIC "CK.02"]
[Time "16:02:27"]
[PlyCount "77"]
[TimeControl "2700+10"]

1. e4 c6 2. d4 d5 3. e5 c5 4. Nf3 Bg4 5. dxc5 e6 6. Be3 Nd7 7. c3 Bxf3 8.
Qxf3 Nxc5 9. Nd2 Nd7 10. Qg3 Ne7 11. Bd3 Ng6 12. Nf3 Qc7 13. Bd4 Bc5 14. h4
O-O 15. h5 Ne7 16. Qh4 Bxd4 17. cxd4 f6 18. O-O Nc6 19. h6 g6 20. exf6 Rxf6
21. Rfe1 Raf8 22. Bb5 Qd6 23. Bxc6 bxc6 24. Rac1 Rf4 25. Qg3 c5 26. Ng5 e5
27. dxc5 Nxc5 28. Qa3 Rc4 29. Qxa7 Qd7 30. Qxd7 Nxd7 31. Rxc4 dxc4 32. Rd1
Nc5 33. Rd5 Nd3 34. Rd7 Nxb2 35. Rg7+ Kh8 36. Nf7+ Rxf7 37. Rxf7 Kg8 38.
Rg7+ Kf8 39. Rxh7 { Black resigns } 1-0

[Event "ICC tourney 2259 (45 10)"]
[Site "Internet Chess Club"]
[Date "2020.12.30"]
[Round "3"]
[White "Gukesh"]
[Black "marble"]
[Result "1-0"]
[ICCResult "Black forfeits on time"]
[WhiteElo "2642"]
[BlackElo "2537"]
[Opening "Queen's pawn game"]
[ECO "A46"]
[NIC "QP.05"]
[Time "16:01:34"]
[PlyCount "91"]
[TimeControl "2700+10"]

1. d4 Nf6 2. Nf3 e6 3. Bf4 Bd6 4. Bg3 Bxg3 5. hxg3 b6 6. Nbd2 Bb7 7. e3 d6
8. Bd3 Nbd7 9. e4 e5 10. d5 Nc5 11. Bb5+ Kf8 12. Qe2 a6 13. Bd3 g6 14. b4
Nxd3+ 15. cxd3 Kg7 16. Nc4 Rc8 17. a4 c6 18. dxc6 Bxc6 19. Qe3 b5 20. Qh6+
Kg8 21. Ne3 bxa4 22. O-O Qf8 23. Qh4 Qd8 24. Qh6 Qf8 25. Qg5 Qg7 26. Rfc1
h6 27. Qh4 Bd7 28. Rxc8+ Bxc8 29. Rxa4 g5 30. Qh1 Qg6 31. Kf1 Kh7 32. Ke2
Re8 33. Ra5 Bd7 34. Rxa6 Nxe4 35. Rb6 Nc3+ 36. Kd2 Na4 37. Rb7 Bc6 38.
Rxf7+ Kg8 39. Rc7 Bb5 40. Qb1 Kh8 41. Qb3 e4 42. Nd4 Qf6 43. Qf7 Qxf7 44.
Rxf7 Bxd3 45. Ng4 Bc4 46. Ra7 { Black forfeits on time } 1-0

[Event "ICC tourney 2259 (45 10)"]
[Site "Internet Chess Club"]
[Date "2020.12.30"]
[Round "3"]
[White "woochess"]
[Black "KRASAVCHIK"]
[Result "0-1"]
[ICCResult "White resigns"]
[WhiteElo "2595"]
[BlackElo "2648"]
[Opening "Grünfeld: Three knights variation"]
[ECO "D90"]
[NIC "GI.07"]
[Time "16:01:58"]
[PlyCount "132"]
[TimeControl "2700+10"]

1. d4 Nf6 2. Nf3 g6 3. c4 Bg7 4. Nc3 d5 5. h4 c6 6. cxd5 cxd5 7. Bf4 Nc6 8.
e3 O-O 9. Qb3 Na5 10. Qb4 Nc6 11. Qa3 Bf5 12. Be2 Ne4 13. Rc1 e6 14. Bb5
Rc8 15. Bxc6 Rxc6 16. Qxa7 Nxc3 17. Rxc3 Rxc3 18. bxc3 Bd3 19. Kd2 Ba6 20.
Qc5 Qd7 21. Qb4 f6 22. h5 e5 23. Bg3 e4 24. Ng1 Ra8 25. hxg6 hxg6 26. Qd6
Qf7 27. a4 Bc4 28. a5 Qe8 29. Qb4 Qd8 30. Nh3 Rxa5 31. Rb1 Rb5 32. Qxb5
Bxb5 33. Rxb5 Qd7 34. Rb6 g5 35. Ng1 Qa4 36. Ne2 Qa7 37. Rd6 b5 38. Nc1 Qb7
39. Na2 Bf8 40. Rxf6 Qa8 41. Nb4 Bxb4 42. cxb4 Qa2+ 43. Ke1 Qb1+ 44. Ke2
Qc2+ 45. Ke1 Qc1+ 46. Ke2 Qc4+ 47. Kd1 Qxb4 48. Bd6 Qb3+ 49. Ke2 Qc4+ 50.
Kd1 Kg7 51. Be5 Qf1+ 52. Kc2 Qxg2 53. Kc3 Qf1 54. Kb4 Qc4+ 55. Ka5 Qa4+ 56.
Kb6 b4 57. Rc6+ Kf7 58. Rf6+ Kg7 59. Rd6+ Kh7 60. Rxd5 b3 61. Rb5 Qxb5+ 62.
Kxb5 b2 63. d5 b1=Q+ 64. Kc6 Qc2+ 65. Kd7 Qxf2 66. d6 Qf5+ { White resigns
} 0-1

[Event "ICC tourney 2259 (45 10)"]
[Site "Internet Chess Club"]
[Date "2020.12.30"]
[Round "3"]
[White "JonnyTurgi"]
[Black "nreiner"]
[Result "1-0"]
[ICCResult "Black resigns"]
[WhiteElo "2087"]
[BlackElo "2005"]
[Opening "QGD semi-Slav"]
[ECO "D43"]
[NIC "QP.08"]
[Time "16:01:47"]
[PlyCount "129"]
[TimeControl "2700+10"]

1. d4 d5 2. c4 e6 3. Nf3 Nf6 4. Nc3 c6 5. Bg5 Be7 6. e3 O-O 7. Rc1 h6 8.
Bh4 Re8 9. Bd3 Nbd7 10. O-O Nf8 11. a3 a5 12. Qe2 Bd7 13. Rfd1 Rc8 14. Ne5
g5 15. Bg3 Kg7 16. h3 Ng6 17. Nxg6 fxg6 18. e4 Nh5 19. Be5+ Bf6 20. g3 Bxe5
21. dxe5 d4 22. Nb1 c5 23. Qg4 Rf8 24. Rf1 Kh7 25. Nd2 Qc7 26. f4 a4 27.
Nf3 Nxf4 28. gxf4 Rxf4 29. Nxg5+ hxg5 30. Qxg5 Rff8 31. Qe7+ Kg8 32. Be2
Qxe5 33. Bg4 Qg7 34. Bxe6+ Bxe6 35. Qxe6+ Kh7 36. Qd5 Qe7 37. e5 Rcd8 38.
Qe4 Rfe8 39. Rce1 d3 40. Rf2 Rd4 41. Qe3 Red8 42. e6 d2 43. Rd1 Rd3 44. Qe5
Rf8 45. Rdxd2 Rxd2 46. Rxd2 Rf5 47. Qxf5 gxf5 48. Rd7 Qg7+ 49. Rxg7+ Kxg7
50. Kf2 Kf6 51. Kf3 Kxe6 52. Kf4 Kf6 53. h4 b6 54. h5 Ke6 55. h6 Kf6 56. h7
Kg7 57. Kxf5 Kxh7 58. Ke5 Kg6 59. Kd5 Kf5 60. Kc6 Ke4 61. Kxb6 Kd4 62. Kb5
Kd3 63. Kxc5 Kc2 64. Kb4 Kxb2 65. Kxa4 { Black resigns } 1-0

[Event "ICC tourney 2259 (45 10)"]
[Site "Internet Chess Club"]
[Date "2020.12.30"]
[Round "3"]
[White "musk6868"]
[Black "trandaferrari"]
[Result "1-0"]
[ICCResult "Black forfeits on time"]
[WhiteElo "2066"]
[BlackElo "1983"]
[Opening "Sicilian: Sveshnikov variation"]
[ECO "B33"]
[NIC "SI.38"]
[Time "16:01:39"]
[PlyCount "69"]
[TimeControl "2700+10"]

1. e4 c5 2. Nf3 Nc6 3. d4 cxd4 4. Nxd4 Nf6 5. Nc3 e5 6. Ndb5 d6 7. Bg5 a6
8. Na3 b5 9. Bxf6 gxf6 10. Nd5 f5 11. exf5 Bxf5 12. c3 Bg7 13. Nc2 O-O 14.
Nce3 Be6 15. Be2 f5 16. O-O Ne7 17. a4 bxa4 18. Rxa4 a5 19. Nxe7+ Qxe7 20.
Bc4 f4 21. Nd5 Qf7 22. Nb6 Bxc4 23. Nxc4 d5 24. Nb6 Rab8 25. Nxd5 Rxb2 26.
Qd3 f3 27. g3 Qe6 28. Rh4 h6 29. Qc4 Kh8 30. Qe4 Re2 31. Ne3 Qb6 32. Rg4
Qe6 33. Rh4 Qb6 34. Rh5 Qe6 35. Qb7 { Black forfeits on time } 1-0

[Event "ICC tourney 2259 (45 10)"]
[Site "Internet Chess Club"]
[Date "2020.12.30"]
[Round "4"]
[White "kunalsh"]
[Black "RG2017"]
[Result "0-1"]
[ICCResult "White checkmated"]
[WhiteElo "2054"]
[BlackElo "1989"]
[Opening "French: Tarrasch, open variation"]
[ECO "C07"]
[NIC "FR.18"]
[Time "18:31:26"]
[PlyCount "20"]
[TimeControl "2700+10"]

1. e4 e6 2. d4 d5 3. Nd2 c5 4. c3 cxd4 5. cxd4 dxe4 6. Nxe4 Nf6 7. Bg5 Qd5
8. Nxf6+ gxf6 9. Bxf6 Bb4+ 10. Ke2 Qe4# { White checkmated } 0-1

[Event "ICC tourney 2259 (45 10)"]
[Site "Internet Chess Club"]
[Date "2020.12.30"]
[Round "4"]
[White "StayCalm"]
[Black "SuperWJ"]
[Result "1-0"]
[ICCResult "Black resigns"]
[WhiteElo "2170"]
[BlackElo "1959"]
[Opening "Grünfeld: Stockholm variation"]
[ECO "D80"]
[NIC "GI.03"]
[Time "18:32:02"]
[PlyCount "39"]
[TimeControl "2700+10"]

1. d4 Nf6 2. c4 g6 3. Nc3 d5 4. Bg5 Ne4 5. Bh4 Nxc3 6. bxc3 Bg7 7. e3 O-O
8. Nf3 Bg4 9. Be2 Nd7 10. cxd5 Nf6 11. c4 c5 12. dxc6 Qa5+ 13. Qd2 Qxd2+
14. Nxd2 Bxe2 15. cxb7 Rab8 16. Kxe2 e5 17. Bg3 Rxb7 18. Bxe5 Rb2 19. Rhb1
Rxb1 20. Rxb1 { Black resigns } 1-0

[Event "ICC tourney 2259 (45 10)"]
[Site "Internet Chess Club"]
[Date "2020.12.30"]
[Round "4"]
[White "marble"]
[Black "juicysnail"]
[Result "1-0"]
[ICCResult "Black resigns"]
[WhiteElo "2537"]
[BlackElo "2247"]
[Opening "Robatsch (modern) defense"]
[ECO "B06"]
[NIC "KF.05"]
[Time "18:32:19"]
[PlyCount "41"]
[TimeControl "2700+10"]

1. e4 g6 2. d4 Bg7 3. Nc3 d6 4. Be3 Nd7 5. Qd2 a6 6. Nf3 b5 7. Bd3 Bb7 8.
O-O h6 9. a4 b4 10. Ne2 c5 11. c3 Ngf6 12. e5 Ng4 13. e6 Ndf6 14. exf7+
Kxf7 15. Nf4 Ne4 16. Qc2 Ngf6 17. Qb3+ c4 18. Qxc4+ d5 19. Ne5+ Kg8 20.
Qxb4 Rb8 21. Nfxg6 { Black resigns } 1-0

[Event "ICC tourney 2259 (45 10)"]
[Site "Internet Chess Club"]
[Date "2020.12.30"]
[Round "4"]
[White "mentosandcoke"]
[Black "Drachekokosnuss"]
[Result "1-0"]
[ICCResult "Black resigns"]
[WhiteElo "1931"]
[BlackElo "2100"]
[Opening "King's Indian: Kazakh variation"]
[ECO "E91"]
[NIC "KI.19"]
[Time "18:31:48"]
[PlyCount "45"]
[TimeControl "2700+10"]

1. d4 Nf6 2. c4 g6 3. Nc3 Bg7 4. e4 d6 5. Nf3 O-O 6. Be2 Na6 7. O-O e5 8.
Be3 Ng4 9. Bg5 Qe8 10. c5 h6 11. Bh4 g5 12. Bxa6 bxa6 13. Bg3 exd4 14. Nd5
Qd7 15. cxd6 cxd6 16. Rc1 Kh8 17. Nxd4 Ne5 18. Nf5 a5 19. Nxg7 Kxg7 20. Qd4
Ba6 21. Bxe5+ dxe5 22. Qxe5+ f6 23. Nxf6 { Black resigns } 1-0

[Event "ICC tourney 2259 (45 10)"]
[Site "Internet Chess Club"]
[Date "2020.12.30"]
[Round "4"]
[White "KRASAVCHIK"]
[Black "TjkTiger"]
[Result "1/2-1/2"]
[ICCResult "Game drawn by mutual agreement"]
[WhiteElo "2648"]
[BlackElo "2602"]
[Opening "Sicilian: Hungarian variation"]
[ECO "B27"]
[NIC "SI.43"]
[Time "18:32:19"]
[PlyCount "62"]
[TimeControl "2700+10"]

1. e4 c5 2. Nf3 g6 3. Bc4 d6 4. c3 Nf6 5. e5 dxe5 6. Nxe5 e6 7. d4 cxd4 8.
cxd4 Bg7 9. O-O O-O 10. Nc3 Nc6 11. Nxc6 bxc6 12. Bf4 Nd5 13. Be5 Nxc3 14.
bxc3 Qa5 15. Bd6 Rd8 16. Be7 Rd7 17. Bb4 Qc7 18. Re1 a5 19. Bc5 Ba6 20. Bb3
Bf8 21. Bxf8 Rxf8 22. Re5 c5 23. Rxc5 Qxc5 24. dxc5 Rxd1+ 25. Rxd1 Rc8 26.
Rd6 Bb5 27. a4 Be8 28. Rxe6 Bxa4 29. Rb6 Bxb3 30. Rxb3 Rxc5 31. Kf1 Re5 {
Game drawn by mutual agreement } 1/2-1/2

[Event "ICC tourney 2259 (45 10)"]
[Site "Internet Chess Club"]
[Date "2020.12.30"]
[Round "4"]
[White "Volkov"]
[Black "dopolian"]
[Result "1-0"]
[ICCResult "Black resigns"]
[WhiteElo "2607"]
[BlackElo "2259"]
[Opening "Benoni: Uhlmann variation"]
[ECO "A61"]
[NIC "BI.25"]
[Time "18:31:31"]
[PlyCount "75"]
[TimeControl "2700+10"]

1. d4 Nf6 2. c4 c5 3. d5 e6 4. Nc3 exd5 5. cxd5 d6 6. Nf3 g6 7. Bg5 h6 8.
Bh4 Bg7 9. Nd2 O-O 10. e4 Re8 11. Be2 Nbd7 12. O-O a6 13. a4 Qc7 14. Rc1
Rb8 15. Kh1 g5 16. Bg3 Ne5 17. f4 gxf4 18. Bxf4 Qe7 19. h3 Ng6 20. Bh2 Nd7
21. Nc4 Nge5 22. Ne3 Nf8 23. Bh5 Nfg6 24. a5 b5 25. axb6 Rxb6 26. Rc2 Qg5
27. Nf5 Nc4 28. h4 Qd8 29. Qc1 Bxf5 30. exf5 Nge5 31. f6 Bxf6 32. Ne4 Bg7
33. Rxc4 Nxc4 34. Bxf7+ Kh8 35. Bxe8 Nxb2 36. Bg6 Qxh4 37. Rf4 Qe7 38. Qf1
{ Black resigns } 1-0